 Dungeon Crawl Stone Soup version 0.25-a0-610-gd0df705f03 (webtiles) character file.

Game seed: 17722349464197241293, levelgen mode: deterministic

796 mopl the Insei (level 8, -4/43 HPs)
             Began as a Kobold Transmuter on Mar 16, 2020.
             Was a Believer of Uskayaw.
             Slain by a phantom (8 damage)
             ... on level 5 of the Dungeon.
             The game lasted 00:11:18 (5401 turns).

mopl the Insei (Kobold Transmuter)                  Turns: 5401, Time: 00:11:19

Health: -4/43      AC:  2    Str:  9      XL:     8   Next: 13%
Magic:  6/15       EV: 19    Int: 14      God:    Uskayaw [**....]
Gold:   42         SH:  0    Dex:  9 (24) Spells: 6/16 levels left

rFire    . . .     SeeInvis .     - Unarmed
rCold    . . .     Gourm    .   (shield currently unavailable)
rNeg     . . .     Faith    +   (armour currently unavailable)
rPois    x         Spirit   .   (helmet currently unavailable)
rElec    .         Reflect  .   (cloak currently unavailable)
rCorr    .         Harm     .   (gloves currently unavailable)
MR       .....                  (boots currently unavailable)
Stlth    +.........             u - amulet of faith {!P}
HPRegen  0.14/turn              C - +3 ring of dexterity
MPRegen  0.14/turn              (no ring)

@: spider-form (expiring)
A: tiny, carnivore
a: End Transformation, Stomp, Line Pass, Renounce Religion


You were on level 5 of the Dungeon.
You worshipped Uskayaw.
Uskayaw was noncommittal.
You were very full.
You were a venomous arachnid creature.
You visited 2 branches of the dungeon, and saw 6 of its levels.

You collected 212 gold pieces.
You spent 170 gold pieces at shops.

Inventory:

Hand Weapons
 b - a +3 hunting sling (melded)
 B - a +1 dagger of venom
Missiles
 a - 61 arrows
 l - a throwing net (quivered)
 t - 89 stones
 I - 5 boomerangs
Armour
 f - a +2 cloak (melded)
 i - a +0 helmet (melded)
 m - a +1 pair of boots (melded)
 p - a +0 kite shield
 s - a +0 robe (melded)
 E - +0 gold dragon scales
Jewellery
 u - an amulet of faith (around neck) {!P}
 A - an uncursed amulet of rage
 C - a +3 ring of dexterity (left front leg)
Wands
 y - a wand of disintegration (8)
Scrolls
 e - 5 scrolls of teleportation
 h - 2 scrolls of fear {unknown}
 k - 2 scrolls of noise {unknown}
 o - a scroll of magic mapping {unknown}
 q - a scroll of blinking {unknown}
 r - 2 scrolls of remove curse {unknown}
 D - 4 scrolls of enchant weapon
 F - 2 scrolls of amnesia {unknown}
 K - a scroll of fog {unknown}
Potions
 g - 2 potions of curing
 n - a potion of might
 v - 2 potions of flight {unknown}
 w - a potion of brilliance {unknown}
 x - a potion of stabbing
 z - a potion of haste {unknown}
 G - 4 potions of heal wounds {unknown}
 J - a potion of mutation {unknown}
Comestibles
 c - 2 chunks of flesh
 d - 7 rations


   Skills:
 - Level 1.1 Fighting
 - Level 2.4 Dodging
 + Level 5.1 Unarmed Combat
 + Level 4.7 Spellcasting
 + Level 4.7 Transmutations
 - Level 3.0 Ice Magic
 - Level 1.0 Poison Magic
 + Level 0.5 Invocations
 - Level 2.0 Evocations


You had 6 spell levels left.
You knew the following spells:

 Your Spells              Type           Power        Failure   Level  Hunger
a - Beastly Appendage     Tmut           ###...       10%         1    None
b - Spider Form           Tmut/Pois      ##........   36%         3    ###....
d - Ice Form              Ice/Tmut       ##......     58%         4    ####...
w - Sticks to Snakes      Tmut           ###.....     12%         2    ##.....

Your spell library contained the following spells:

 Spells                   Type           Power        Failure   Level  Hunger
 Blade Hands              Tmut           ###.......   77%         5    ######.


Dungeon Overview and Level Annotations

Branches:
Dungeon (5/15)             Temple (1/1) D:4

Altars:
Dithmenos
Elyvilon
Fedhas
Hepliaklqana
Kikubaaqudgha
Makhleb
Nemelex Xobeh
Okawaru
Sif Muna
Trog
Uskayaw
Vehumet
Wu Jian
Xom
Yredelemnul
Lugonu

Shops:
D:4 ?

Annotations:
D:3 MisterFreud's ghost, weakling FeSk


Innate Abilities, Weirdness & Mutations

You are small and have problems with some larger weapons.
You are carnivorous and can eat meat at any time.


Message History

* * * LOW HITPOINT WARNING * * *
You hit the phantom but do no damage.
The phantom is severely damaged.
Your transformation is almost over.
The phantom hits you!
* * * LOW HITPOINT WARNING * * *
You hit the phantom.
The phantom is severely damaged.
The phantom barely misses you.
Aiming: Line Pass
Press: ? - help, Dir - move target cursor, p - phantom The phantom appears confused.
You feel somewhat less full. The phantom misses you.
You stomp with the beat, sending a shockwave through the revelers around you!
The phantom is almost destroyed.
The phantom seems less confused.
The phantom barely misses you.
You hit the phantom but do no damage.
The phantom is almost destroyed.
The phantom hits you!
You die...

# .# ## #.#.# #.
###.##.###(
......%(#.### ###
#.......(... ..#
#..%..#.### #.# #s....#
#.####
#W....######....#
#(.....รท.....##.#
#.....>......####.##.##
#.####.....#.# #......
#.#####.# #..#.## #.#
#.# #..#.# #.#
#.####.)#.# #.#
#.......#.##


You could see a phantom.

Vanquished Creatures
  A centaur (D:5)
  A scorpion (D:4)
  A howler monkey (D:5)
  A crimson imp (D:4)
  3 quasits (D:3)
  A bullfrog zombie (D:3)
  3 orc wizards
  3 orc priests
  A hound (D:4)
  An iguana (D:5)
  A worker ant (D:4)
  6 adders
  3 oozes
  An adder skeleton (D:4)
  3 worms
  2 dart slugs
  28 orcs
  10 bats
  7 giant cockroaches
  11 goblins
  8 hobgoblins
  7 jackals
  2 quokkas
  2 ball pythons
  4 frilled lizards
  4 kobolds (D:1)
  6 rats
121 creatures vanquished.

Vanquished Creatures (collateral kills)
  A kobold (D:1)
1 creature vanquished.

Grand Total: 122 creatures vanquished

Notes
Turn   | Place    | Note
-------+----------+-------------------------------------------
     0 | D:1      | mopl the Kobold Transmuter began the quest for the Orb.
     0 | D:1      | Reached XP level 1. HP: 12/12 MP: 3/3
    74 | D:1      | Reached XP level 2. HP: 16/16 MP: 5/5
    78 | D:1      | Learned a level 2 spell: Sticks to Snakes
   290 | D:1      | Reached XP level 3. HP: 20/20 MP: 4/6
   305 | D:1      | Learned a level 3 spell: Spider Form
  1025 | D:2      | Reached XP level 4. HP: 25/25 MP: 4/8
  1103 | D:2      | Reached skill level 1 in Poison Magic
  1122 | D:2      | Reached skill level 3 in Spellcasting
  1638 | D:2      | Reached skill level 3 in Transmutations
  1656 | D:2      | Found a bloodstained altar of Trog.
  1762 | D:2      | Found a sparkling altar of Nemelex Xobeh.
  1787 | D:2      | Reached XP level 5. HP: 24/29 MP: 5/9
  1809 | D:2      | Learned a level 4 spell: Ice Form
  1900 | D:3      | Reached skill level 4 in Unarmed Combat
  1933 | D:3      | Noticed MisterFreud's ghost (weakling FeSk)
  2049 | D:3      | Reached XP level 6. HP: 34/34 MP: 11/11
  2432 | D:3      | Reached skill level 1 in Ice Magic
  2503 | D:3      | Found a transporter.
  2525 | D:3      | Found a transporter.
  2619 | D:3      | Found a shimmering blue altar of Sif Muna.
  2667 | D:3      | Found an ancient bone altar of Kikubaaqudgha.
  2667 | D:3      | Found a basalt altar of Yredelemnul.
  2668 | D:3      | Found an iron altar of Okawaru.
  2674 | D:3      | Found a shadowy altar of Dithmenos.
  2695 | D:3      | mopl: !lg * won god=usk skill=invoc s=title,sklev
  2695 | D:3      | meem: 556 games for * (won god=usk skill=invoc): 308x
                  | Rhythm of Life and Death (308x 27), 117x Rapturous (31x 21,
                  | 31x 23, 28x 20, 27x 22), 106x Ecstatic (40x 25, 40x 26, 25x
                  | 24, 27), 20x Impassioned (14x 19, 5x 18, 17), 3x Party-goer
                  | (11, 22, 27), Dancer (12), Wallflower (27)
  2812 | D:3      | Found a shimmering blue altar of Sif Muna.
  2912 | D:3      | Reached skill level 1 in Evocations
  3253 | D:3      | HP: 1/34 [quasit (1)]
  3259 | D:3      | Lost dexterity.
  3629 | D:4      | Reached skill level 4 in Spellcasting
  3629 | D:4      | Reached skill level 4 in Transmutations
  3629 | D:4      | Reached XP level 7. HP: 11/38 MP: 8/13
  3881 | D:4      | Lost dexterity.
  4006 | D:4      | Reached skill level 2 in Ice Magic
  4184 | D:4      | You fall into a shaft and drop 1 floor!
  4184 | D:5      | Entered Level 5 of the Dungeon
  4201 | D:5      | Reached skill level 2 in Evocations
  4409 | D:4      | Found a burning altar of Makhleb.
  4409 | D:4      | Found a shimmering altar of Xom.
  4653 | D:4      | Found Saxag's Magic Scroll Shop.
  4656 | D:4      | Bought a scroll of teleportation for 33 gold pieces
  4656 | D:4      | Bought a scroll of identify for 22 gold pieces
  4656 | D:4      | Bought a scroll of enchant weapon for 82 gold pieces
  4656 | D:4      | Bought a scroll of teleportation for 33 gold pieces
  4888 | D:4      | Found a staircase to the Ecumenical Temple.
  4905 | Temple   | Entered the Ecumenical Temple
  4931 | Temple   | Became a worshipper of Uskayaw the Reveler
  5221 | D:5      | Reached * piety under Uskayaw
  5222 | D:5      | Reached ** piety under Uskayaw
  5226 | D:5      | Reached skill level 5 in Unarmed Combat
  5228 | D:5      | Reached *** piety under Uskayaw
  5229 | D:5      | Reached XP level 8. HP: 31/43 MP: 11/14
  5381 | D:5      | Reached skill level 3 in Ice Magic
  5401 | D:5      | Slain by a phantom

Levels and vault maps discovered:
D:1:      dpeg_arrival_boxorama, layout_basic, serial_corexii_hall,
          chequers_hall_statues_wall_a, chequers_hall_statues_y,
          solitary_fountain
D:2:      layout_rooms, lemuel_coloured_pillars_altar, nemelex_dance_club_becter
D:3:      layout_loops_ring, minitemple, gammafunk_ghost_stat_death,
          fountainhead, lemuel_blue_sif_altar
D:4:      layout_cave_pools, grunt_temple_overflow_champion_of_chaos,
          minmay_temple_entry_proselytizer, serial_shops, kennysheep_mini
D:5:      layout_loops_ring, nicolae_ashenzari_panopticon, first_ration,
          ebering_ghost_rock_garden
Temple:   corrupted_temple

Skill      XL: |  1  2  3  4  5  6  7  8 |
---------------+-------------------------+-----
Poison Magic   | 1 |  1.0
Spellcasting   | 3 4 |  4.7
Transmutations | 3 4 |  4.7
Unarmed Combat | 4 5 |  5.1
Ice Magic      | 1 2 3 |  3.0
Evocations     | 1 2 |  2.0
Fighting       | |  1.1
Dodging        | |  2.4
Invocations    | |  0.5

Action                   |  1- 3 |  4- 6 |  7- 9 || total
-------------------------+-------+-------+-------++-------
Melee: Unarmed           |   102 |   145 |    90 ||   337
       Headbutt          |     6 |       |       ||     6
       Kick              |     5 |       |       ||     5
       Punch             |       |     1 |       ||     1
 Fire: Hunting sling     |       |   107 |    71 ||   178
 Cast: Beastly Appendage |    10 |       |       ||    10
       Spider Form       |     2 |    11 |    12 ||    25
       Sticks to Snakes  |     1 |       |       ||     1
Invok: Stomp             |       |       |     1 ||     1
       Line Pass         |       |       |     1 ||     1
 Abil: End Transformatio |       |       |     1 ||     1
       Evoke Berserk Rag |       |       |     1 ||     1
Evoke: Wand              |       |     1 |       ||     1
  Use: Scroll            |       |       |     3 ||     3
       Potion            |       |       |     1 ||     1
 Stab: Sleeping          |       |     2 |       ||     2
       Paralysed         |       |       |     2 ||     2
  Eat: Chunk             |     7 |     9 |    12 ||    28
Armor: Robe              |    33 |    58 |    34 ||   125
       Skin              |     3 |    21 |    11 ||    35
Dodge: Dodged            |    76 |   291 |    73 ||   440

Table legend:
 A = Non-vault XP
 B = Vault XP
 C = Vault XP percentage of total XP
 D = Non-vault monster count
 E = Vault monster count
 F = Vault count percentage of total count
                 A         B        C        D         E       F
            +---------+---------+-------+---------+---------+-------
      Total |     903 |     235 |  20.7 |     115 |       7 |   5.7
            +---------+---------+-------+---------+---------+-------
        D:1 |      62 |       0 |   0.0 |      30 |       0 |   0.0
        D:2 |     111 |       9 |   7.5 |      21 |       2 |   8.7
        D:3 |     183 |     135 |  42.5 |      34 |       3 |   8.1
        D:4 |     186 |      91 |  32.9 |      14 |       2 |  12.5
        D:5 |     361 |       0 |   0.0 |      16 |       0 |   0.0
            +---------+---------+-------+---------+---------+-------
